 Dungeon Crawl Stone Soup version 0.19.1 (webtiles) character file.

1879 Firecrotchwizard the Stinger (level 8, -3/36 HPs)
             Began as a Spriggan Venom Mage on Dec 19, 2016.
             Was a Follower of Vehumet.
             Killed by divine providence
             ... invoked by an orc priest
              (13 damage)
             ... on level 7 of the Dungeon on Dec 20, 2016.
             The game lasted 00:40:00 (9344 turns).

Firecrotchwizard the Stinger (Spriggan Venom Mage)  Turns: 9344, Time: 00:40:01

Health: -3/36      AC:  3    Str:  6    XL:     8   Next: 91%
Magic:  15/17      EV: 22    Int: 17    God:    Vehumet [*.....]
Gold:   281        SH:  0    Dex: 16    Spells: 3 memorised, 8 levels left

rFire  . . .     SeeInvis +     y - +1 dagger (venom)
rCold  . . .     Gourm    .     a - +1 robe
rNeg   + . .     Faith    +     (shield restricted)
rPois  .         Spirit   .     (helmet restricted)
rElec  .         Reflect  .     (no cloak)
rCorr  .         Harm     .     (gloves unavailable)
MR     +....                    (boots unavailable)
Stlth  +++.......               j - amulet of faith
                                t - ring of positive energy
                                (no ring)

@: very quick
A: unfitting armour, see invisible, herbivore 3, speed 3, slow metabolism 2
a: Renounce Religion


You were on level 7 of the Dungeon.
You worshipped Vehumet.
Vehumet was aware of your devotion.
You were not hungry.

You visited 2 branches of the dungeon, and saw 8 of its levels.

You collected 281 gold pieces.

Inventory:

Hand Weapons
 y - a +1 dagger of venom (weapon)
 B - a +0 vampiric dagger
Missiles
 l - a throwing net (quivered)
Armour
 a - a +1 robe (worn)
Jewellery
 j - an amulet of faith (around neck)
 n - an uncursed ring of see invisible
 t - a ring of positive energy (right hand)
Wands
 w - a wand of slowing (22/48)
 C - a wand of disintegration (2/24)
 D - a wand of polymorph (15/24)
Scrolls
 g - a scroll of enchant armour
 q - 3 scrolls of remove curse
 s - a scroll of noise
 u - 2 scrolls of identify
 v - 2 scrolls of magic mapping
 x - a scroll of enchant weapon
Potions
 d - 2 potions of ambrosia
 e - a potion of degeneration {unknown}
 h - a potion of flight {unknown}
 i - a potion of mutation {unknown}
 m - 2 potions of cancellation
 o - a potion of cure mutation {unknown}
 p - 2 potions of curing
 r - a potion of magic {unknown}
 z - a potion of lignification {unknown}
 A - a potion of haste {unknown}
 E - a potion of agility {unknown}
Books
 b - a Young Poisoner's Handbook

   Spells                             Type                      Level
   a - Sting                          Conjuration/Poison           1
   b - Mephitic Cloud                 Conjuration/Poison/Air       3
   c - Olgreb's Toxic Radiance        Poison                       4
   d - Alistair's Intoxication        Transmutation/Poison         5
   e - Venom Bolt                     Conjuration/Poison           5
Comestibles
 c - 5 bread rations
 f - a fruit
 k - a slice of pizza


   Skills:
 + Level 6.7 Dodging
 - Level 6.1 Stealth
 + Level 5.3 Spellcasting
 * Level 4.2 Conjurations
 + Level 3.2 Air Magic
 * Level 7.5 Poison Magic


You had 8 spell levels left.
You knew the following spells:

 Your Spells              Type           Power        Failure   Level  Hunger
a - Sting                 Conj/Pois      ###.         1%          1    None
b - Mephitic Cloud        Conj/Pois/Air  ###.....     8%          3    ##.....
c - Venom Bolt            Conj/Pois      ###.......   38%         5    ######.


Dungeon Overview and Level Annotations

Branches:
Dungeon (7/15)             Temple (1/1) D:6

Altars:
Dithmenos
Gozag
Ru
Trog
Uskayaw
Vehumet
Xom
Zin

Annotations:
D:3 Grinder
D:6 Pikel


Innate Abilities, Weirdness & Mutations

You are very small and have problems with some larger weapons.
You are too small for most types of armour.
You have supernaturally acute eyesight. (SInv)
You are a herbivore.
You cover ground extremely quickly.
You need consume almost no food.


Message History

Aim: a hound (hasn't noticed you)
The sting hits the hound.
The hound is lightly wounded.
The hound barks!
The hound closely misses you.
A worker ant comes into view.
Casting: Sting
Confirm with . or Enter, or press ? or * to list all spells.
Aiming: Sting
Press: ? - help, Shift-Dir - straight line, f/p - hound
Aim: a hound (lightly wounded)
The sting hits the hound.
The hound is poisoned.
The hound is moderately wounded.
An iguana comes into view.
The iguana hisses angrily.
The iguana completely misses you.
The orc priest shouts!
The orc priest calls down the wrath of Beogh upon you.
Beogh smites you!
You die...

....# #.#.#....##..# ....#
#.##.#...##.l# #.#.#
#.##.#...##..# #S#.#
#.##.#..###..# #.#.#
#.##.#..# ...o
#.#.##########........
o..##
#.............###z#........
###..######.S.l...#.....
##.# #.#.h.@....... #.#
#.########.... #.# #.# .
#.# #.# #.# #a# #.# #.# #.#
#.# #†# #.# #.# #.#


You could see a water moccasin, an iguana, a hound, a wight and an orc priest.

Vanquished Creatures
  Edmund (D:5)
  An orc warrior (D:6)
  3 ogres
  2 centaurs
  3 bullfrogs
  3 elf skeletons (D:4)
  2 crimson imps (D:5)
  A jelly (D:7)
  A bullfrog skeleton (D:4)
  2 hounds (D:6)
  A human zombie (D:4)
  2 orc priests (D:4)
  6 orc wizards (D:5)
  2 iguanas
  A human skeleton (D:4)
  6 worker ants
  12 adders
  A shadow imp (D:5)
  An ooze (D:4)
  2 adder skeletons (D:4)
  3 dart slugs
  26 orcs
  5 giant cockroaches
  4 hobgoblins
  9 jackals
  4 kobolds
  3 quokkas
  7 bats
  4 frilled lizards
  3 goblins (D:2)
  An orc zombie (D:4)
  2 rats
124 creatures vanquished.

Notes
Turn   | Place    | Note
-------+----------+-------------------------------------------
     0 | D:1      | Firecrotchwizard the Spriggan Venom Mage began the quest for the Orb.
     0 | D:1      | Reached XP level 1. HP: 9/9 MP: 5/5
   253 | D:1      | Reached XP level 2. HP: 11/13 MP: 0/6
  1264 | D:2      | Found a bloodstained altar of Trog.
  1340 | D:2      | Reached skill level 1 in Conjurations
  1340 | D:2      | Reached XP level 3. HP: 16/16 MP: 5/8
  1844 | D:2      | Reached XP level 4. HP: 19/21 MP: 6/9
  1918 | D:2      | Learned a level 3 spell: Mephitic Cloud
  2761 | D:3      | Noticed Grinder
  3248 | D:4      | Reached XP level 5. HP: 24/24 MP: 6/10
  3623 | D:4      | Reached skill level 5 in Poison Magic
  3660 | D:4      | Noticed an ogre
  3685 | D:4      | Killed an ogre
  3685 | D:4      | Reached skill level 5 in Stealth
  3685 | D:4      | Reached skill level 1 in Air Magic
  3685 | D:4      | Reached XP level 6. HP: 28/28 MP: 6/12
  4258 | D:4      | Reached skill level 5 in Dodging
  4258 | D:4      | Reached XP level 7. HP: 9/32 MP: 13/13
  5026 | D:5      | Entered Level 5 of the Dungeon
  5119 | D:5      | Reached skill level 6 in Poison Magic
  5535 | D:5      | Learned a level 5 spell: Venom Bolt
  5689 | D:5      | Noticed Edmund
  5703 | D:5      | Killed Edmund
  6014 | D:5      | Reached XP level 8. HP: 29/36 MP: 10/15
  6678 | D:6      | Found a staircase to the Ecumenical Temple.
  6683 | Temple   | Entered the Ecumenical Temple
  6711 | Temple   | Became a worshipper of Vehumet
  7272 | D:6      | Noticed Pikel
  7932 | D:7      | Found a glowing silver altar of Zin.
  7932 | D:7      | Found a shimmering altar of Xom.
  7932 | D:7      | Noticed an angel
  8307 | D:6      | Reached skill level 5 in Spellcasting
  8307 | D:6      | Reached skill level 7 in Poison Magic
  9218 | D:7      | Reached * piety under Vehumet
  9218 | D:7      | Offered knowledge of Sandblast by Vehumet.
  9250 | D:7      | Noticed a hippogriff
  9344 | D:7      | Killed from afar by an orc priest

Skill      XL: |  1  2  3  4  5  6  7  8 |
---------------+-------------------------+-----
Conjurations   | 1 2 3 4 |  4.2
Stealth        | 4 5 6 |  6.1
Spellcasting   | 3 4 5 |  5.3
Dodging        | 4 5 6 |  6.7
Poison Magic   | 5 6 7 |  7.5
Air Magic      | 1 2 3 |  3.2

Action                   |  1- 3 |  4- 6 |  7- 9 || total
-------------------------+-------+-------+-------++-------
Melee: Short sword       |    48 |   155 |    43 ||   246
       Dagger            |       |       |    83 ||    83
 Cast: Sting             |    36 |    64 |   257 ||   357
       Mephitic Cloud    |       |       |     4 ||     4
  Use: Scroll            |     5 |       |     7 ||    12
 Stab: Sleeping          |     3 |     4 |     1 ||     8
       Confused          |       |       |     1 ||     1
  Eat: Fruit             |       |       |     2 ||     2
       Bread ration      |       |       |     1 ||     1
Armor: Robe              |     4 |     7 |     9 ||    20
Dodge: Dodged            |    37 |   109 |   158 ||   304
